 Dungeon Crawl Stone Soup version 0.20.1-1-g8b1a95d (webtiles) character file.

1021 dvd the Cudgeler (level 8, -6/66 HPs)
             Began as a Minotaur Wanderer on Aug 6, 2017.
             Was a Follower of Cheibriados.
             Mangled by ThePrince's ghost (9 damage)
             ... on level 5 of the Dungeon.
             The game lasted 00:15:35 (4598 turns).

dvd the Cudgeler (Minotaur Wanderer)                Turns: 4598, Time: 00:15:35

Health: -6/66      AC:  5    Str: 23    XL:     8   Next: 2%
Magic:  1/10       EV: 12    Int: 15    God:    Cheibriados [*.....]
Gold:   211        SH:  0    Dex: 17    Spells: 7/11 levels left

rFire    . . .     SeeInvis .   w - +0 mace
rCold    . . .     Gourm    .   (no shield)
rNeg     . . .     Faith    .   o - +0 ring mail
rPois    .         Spirit   .   (helmet restricted)
rElec    .         Reflect  .   (no cloak)
rCorr    .         Harm     .   (no gloves)
MR       .....                  (no boots)
Stlth    +.........             (no amulet)
Regen    0.3/turn               g - +3 ring of dexterity
MPRegen  0.2/turn               i - ring of wizardry

@: mighty, very slightly contaminated, very slow
A: retaliatory headbutt, horns 2
a: Bend Time, Renounce Religion


You were on level 5 of the Dungeon.
You worshipped Cheibriados.
Cheibriados was aware of your devotion.
You were hungry.

You visited 1 branch of the dungeon, and saw 5 of its levels.
You also visited: Sewer.

You collected 211 gold pieces.

Inventory:

Hand Weapons
 e - a +0 club
 r - a +0 whip
 w - a +0 mace (weapon)
 y - a +0 trident
Missiles
 m - 118 stones
 D - 6 poisoned tomahawks (quivered)
Armour
 d - a +0 robe
 j - a +0 scale mail
 o - a +0 ring mail (worn)
Jewellery
 g - a +3 ring of dexterity (left hand)
 i - a ring of wizardry (right hand)
Wands
 c - a wand of random effects (15/48)
 B - a wand of polymorph (13/24)
Scrolls
 h - 6 scrolls of identify
 u - 3 scrolls of remove curse
 x - a scroll of amnesia {unknown}
 z - a scroll of teleportation {unknown}
 C - a scroll of random uselessness {unknown}
 E - 3 scrolls of blinking {unknown}
 F - a scroll of enchant weapon {unknown}
 G - a scroll of fog {unknown}
 H - a scroll of magic mapping {unknown}
Potions
 k - a potion of cancellation {unknown}
 n - a potion of flight {unknown}
 p - a potion of curing
 s - 2 potions of magic {unknown}
Books
 a - a book of Minor Magic

   Spells                             Type                      Level
   a - Magic Dart                     Conjuration                  1
   b - Blink                          Translocation                2
   c - Call Imp                       Summoning                    2
   d - Slow                           Hexes                        2
   e - Conjure Flame                  Conjuration/Fire             3
   f - Mephitic Cloud                 Conjuration/Poison/Air       3
 b - the Tome of the Arsonist

   Spells                             Type                      Level
   a - Flame Tongue                   Conjuration/Fire             1
   b - Conjure Flame                  Conjuration/Fire             3
 A - a book of Flames

   Spells                             Type                      Level
   a - Flame Tongue                   Conjuration/Fire             1
   b - Throw Flame                    Conjuration/Fire             2
   c - Conjure Flame                  Conjuration/Fire             3
   d - Inner Flame                    Hexes/Fire                   3
   e - Sticky Flame                   Conjuration/Fire             4
   f - Fireball                       Conjuration/Fire             5
Comestibles
 f - 3 bread rations
 q - 9 fruits
 t - 2 royal jellies
 v - 3 meat rations


   Skills:
 + Level 4.2 Fighting
   Level 1.2(3.2) Axes
 + Level 4.8(4.9) Maces & Flails
 + Level 0.2 Throwing
 + Level 4.3 Armour
 + Level 2.6 Dodging
 + Level 1.4 Stealth
   Level 1.2 Shields
 + Level 2.4 Spellcasting
 + Level 4.5 Summonings
 + Level 1.9 Evocations


You had 7 spell levels left.
You knew the following spells:

 Your Spells              Type           Power        Failure   Level  Hunger
a - Call Imp              Summ           ###.....     3%          2    ###....
b - Blink                 Tloc           N/A          19%         2    ###....


Dungeon Overview and Level Annotations

Branches:
Dungeon (5/15)
 Temple: D:4-7

Altars:
Cheibriados
Gozag
Makhleb
Vehumet

Annotations:
D:5 ThePrince's ghost, novice TrMo


Innate Abilities, Weirdness & Mutations

You reflexively headbutt those who attack you in melee.
You have a pair of horns on your head.


Message History

The gnoll dies!
Cheibriados appreciates the change of pace.
The gnoll hits you with a club.
* * * LOW HITPOINT WARNING * * *
ThePrince's ghost barely misses you.
Unknown command.
Casting: Blink
Confirm with . or Enter, or press ? or * to list all spells.
Okay, then.
Unknown command.
You sock the gnoll!
You kill the gnoll!
Cheibriados appreciates the change of pace.
ThePrince's ghost hits you but does no damage.
Your iron imp barely misses ThePrince's ghost.
Your crimson imp hits ThePrince's ghost but does no damage.
You sock ThePrince's ghost! Your headbutt misses ThePrince's ghost.
ThePrince's ghost is heavily damaged.
ThePrince's ghost hits you!
You die...

#.# ## #### #.# .. #. #..
#.### .... #.
#.###########....
.....#.###.#..............
.......))5.#..............
....#..5W@................
. #.####.#..............
... #.#.............. ###
#.#.....†........
#.####...####.... ####.#
#.### #.... ##....# ##.#
##### #..######..# #..
##.## #..## #..


You could see ThePrince's ghost, a friendly iron imp and a friendly crimson imp.

Vanquished Creatures
  2 centaurs (D:5)
  An ogre (D:4)
  2 big kobolds (Sewer)
  A scorpion (D:5)
  A hound (D:4)
  Ijyb (D:4)
  A bullfrog skeleton (D:5)
  A centaur skeleton (D:5)
  Natasha (D:2)
  3 iguanas
  4 gnolls
  4 adders
  9 worms
  4 dart slugs
  A leopard gecko (D:2)
  2 orcs (D:3)
  10 bats
  3 giant cockroaches
  10 goblins
  8 hobgoblins
  10 kobolds
  A quokka (D:3)
  3 frilled lizards
  A leopard gecko skeleton (D:3)
  A quokka skeleton (D:4)
  14 rats
99 creatures vanquished.

Vanquished Creatures (collateral kills)
  The ghost of polve the Changer, an amateur MfTm (D:3)
  A scorpion (D:5)
  A crimson imp (D:5)
  A hound (D:5)
  Natasha (twice) (D:2)
  4 gnolls
  A river rat (Sewer)
  4 adders
  2 oozes (Sewer)
  A worm (D:4)
  A dart slug (D:2)
  An orc (D:3)
  3 hobgoblins (D:2)
  A ball python (Sewer)
  A kobold (Sewer)
  A rat (D:3)
26 creatures vanquished.

Grand Total: 125 creatures vanquished

Notes
Turn   | Place    | Note
-------+----------+-------------------------------------------
     0 | D:1      | dvd the Minotaur Wanderer began the quest for the Orb.
     0 | D:1      | dvd set off with: a book of Minor Magic, the Tome of the Arsonist, a wand of random effects (15/48), a +0 robe, a +0 club, a bread ration
     0 | D:1      | Reached XP level 1. HP: 16/16 MP: 0/0
     0 | D:1      | Identified the Tome of the Arsonist
   110 | D:1      | Reached XP level 2. HP: 24/24 MP: 1/1
   581 | D:1      | Reached XP level 3. HP: 27/30 MP: 3/3
   834 | D:2      | Learned a level 2 spell: Call Imp
   885 | D:2      | Reached XP level 4. HP: 30/37 MP: 1/4
   999 | D:2      | Reached skill level 1 in Dodging
   999 | D:2      | Reached skill level 1 in Maces & Flails
  1728 | D:2      | Noticed Natasha
  1741 | D:2      | Killed Natasha
  1741 | D:2      | Reached XP level 5. HP: 21/42 MP: 3/5
  1834 | D:2      | Noticed Natasha
  1837 | D:2      | Killed Natasha
  1856 | D:2      | Noticed Natasha
  1863 | D:2      | Killed Natasha
  2011 | D:2      | Learned a level 2 spell: Blink
  2205 | D:3      | Noticed polve's ghost (amateur MfTm)
  2216 | D:3      | Killed polve's ghost
  2216 | D:3      | Reached skill level 1 in Spellcasting
  2458 | D:3      | Found a snail-covered altar of Cheibriados.
  2460 | D:3      | Found a radiant altar of Vehumet.
  2565 | D:3      | Found a burning altar of Makhleb.
  2907 | D:4      | Reached XP level 6. HP: 25/50 MP: 6/6
  2910 | D:4      | Found an opulent altar of Gozag.
  2925 | D:3      | Became a worshipper of Cheibriados the Contemplative
  3458 | D:4      | Noticed Ijyb
  3484 | D:4      | Killed Ijyb
  3621 | D:5      | Entered Level 5 of the Dungeon
  3658 | D:5      | Reached skill level 1 in Stealth
  3658 | D:5      | Reached XP level 7. HP: 17/58 MP: 1/8
  3659 | D:5      | Found a glowing drain.
  4057 | Sewer    | Entered a sewer
  4059 | Sewer    | Reached * piety under Cheibriados
  4579 | D:5      | Noticed ThePrince's ghost (novice TrMo)
  4583 | D:5      | Reached XP level 8. HP: 56/66 MP: 5/10
  4595 | D:5      | HP: 2/66 [ThePrince's ghost (7)]
  4598 | D:5      | Mangled by ThePrince's ghost

Skill      XL: |  1  2  3  4  5  6  7 |
---------------+----------------------+-----
Fighting       | 2 3 4 |  4.2
Armour         | 2 3 4 |  4.3
Dodging        | 1 2 |  2.6
Maces & Flails | 2 3 4 |  4.8
Spellcasting   | 1 2 |  2.4
Summonings     | 4 |  4.5
Stealth        | 1 |  1.4
Axes           | |  1.2
Throwing       | |  0.2
Shields        | |  1.2
Evocations     | |  1.9

Action                   |  1- 3 |  4- 6 |  7- 9 || total
-------------------------+-------+-------+-------++-------
Melee: Club              |    94 |    14 |       ||   108
       Headbutt          |    15 |    28 |    13 ||    56
       Whip              |       |    91 |       ||    91
       Mace              |       |    53 |    72 ||   125
       Trident           |       |     2 |       ||     2
Throw: Tomahawk          |       |       |     4 ||     4
 Cast: Call Imp          |     1 |    30 |    23 ||    54
  Use: Scroll            |     1 |       |     1 ||     2
       Potion            |       |       |     2 ||     2
 Stab: Distracted        |       |     1 |       ||     1
       Sleeping          |       |     1 |       ||     1
  Eat: Chunk             |       |    12 |     4 ||    16
Armor: Scale mail        |    44 |       |       ||    44
       Robe              |     2 |       |       ||     2
       Ring mail         |       |    42 |    13 ||    55
       Skin              |       |     7 |       ||     7
Dodge: Dodged            |    66 |    75 |    55 ||   196
